 Dungeon Crawl Stone Soup version 0.28-a0-1234-g826d19b2e0 (webtiles) character file.

Game seed: 4532132434264537321

87 bearlyready the Charlatan (level 4, 0/35 HPs)
             Began as a Demonspawn Artificer on Dec 23, 2021.
             Killed by nerve-wracking pain
             ... invoked by Grinder
              (14 damage)
             ... on level 3 of the Dungeon.
             The game lasted 00:03:54 (3420 turns).

bearlyready the Charlatan (Demonspawn Artificer)    Turns: 3420, Time: 00:03:54

Health: 0/35       AC: 11    Str: 13    XL:     4   Next: 28%
Magic:  4/4        EV:  9    Int: 12    God:
Gold:   86         SH:  0    Dex: 15    Spells: 3/3 levels left

rFire   + . .      SeeInvis .   c - +0 dagger
rCold   . . .      Faith    .   (no shield)
rNeg    . . .      Spirit   .   s - +3 scale mail
rPois   .          Reflect  .   (no helmet)
rElec   .          Harm     .   (no cloak)
rCorr   .          Rampage  .   (no gloves)
Will    .....                   (no boots)
Stlth   ..........              (no amulet)
HPRegen 0.11/turn               l - ring of protection from fire
MPRegen 0.09/turn               (no ring)

@: attractive, flying
A: icy blue scales 1, weakness stinger 2
a: no special abilities


You were on level 3 of the Dungeon.
You visited 1 branch of the dungeon, and saw 3 of its levels.

You collected 86 gold pieces.

Inventory:

Hand Weapons
 c - a +0 dagger (weapon)
 q - a +0 long sword
 t - a +0 spear
Missiles
 i - 21 bolts
 n - 7 stones
 p - 7 poisoned darts (quivered)
Armour
 b - a +0 leather armour
 s - a +3 scale mail (worn)
Jewellery
 l - a ring of protection from fire (left hand)
Wands
 d - a wand of charming (15)
Scrolls
 a - a scroll of blinking {unknown}
 g - a scroll of brand weapon {unknown}
 h - 3 scrolls of identify {unknown}
 j - 2 scrolls of immolation {unknown}
 k - a scroll of torment {unknown}
 m - a scroll of magic mapping {unknown}
 o - a scroll of fear {unknown}
Potions
 r - 2 potions of flight
Miscellaneous
 e - a piece from Xom's chessboard (inert)


   Skills:
 + Level 3.2 Fighting
 - Level 1.7 Armour
 - Level 0.8 Dodging
 - Level 0.8 Stealth
 - Level 4.0 Evocations


You had 3 spell levels left.
You didn't know any spells.
Your spell library contained the following spells:

 Spells                   Type           Power      Damage    Failure   Level
 Frozen Ramparts          Ice            0%         1d2       99%         3
 Fulminant Prism          Conj/Hex       0%         3d6       100%        4
 Ice Form                 Ice/Tmut       0%         N/A       100%        4
 Iskenderun's Mystic Bla  Conj/Tloc      0%         2d3       100%        4
 Summon Ice Beast         Ice/Summ       0%         N/A       100%        4
 Lee's Rapid Deconstruct  Erth           0%         3d5*      100%        5


Dungeon Overview and Level Annotations

Branches:
Dungeon (3/15)

Altars:
Fedhas
Gozag

Annotations:
D:3 Grinder


Innate Abilities, Weirdness & Mutations

You are partially covered in icy blue scales. (AC +2)
You have a tail ending in a sharp stinger.


Message History

Grinder blinks!
Throw: 11 darts (poison)
Press: ? - help, Q - select action, (/) - cycle Shift-Dir - straight line, f - Grinder
Aim: Grinder (severely wounded, 53% to hit)
You throw a poisoned dart. The poisoned dart hits Grinder.
Grinder is severely wounded.
Grinder gestures at you. Pain shoots through your body!
Throw: 10 darts (poison)
Press: ? - help, Q - select action, (/) - cycle Shift-Dir - straight line, f/p - Grinder
Aim: Grinder (severely wounded, 53% to hit)
You throw a poisoned dart.
The poisoned dart closely misses Grinder.
Throw: 9 darts (poison)
Press: ? - help, Q - select action, (/) - cycle Shift-Dir - straight line, f/p - Grinder
Aim: Grinder (severely wounded, 55% to hit)
You throw a poisoned dart. The poisoned dart hits Grinder.
Grinder is severely wounded.
Grinder blinks!
It was a potion of attraction.
You feel attractive to monsters. Grinder is attracted toward you.
Throw: 8 darts (poison)
Press: ? - help, Q - select action, (/) - cycle Shift-Dir - straight line, f/p - Grinder
Aim: Grinder (translocational energy, severely wounded, 55% to hit)
You throw a poisoned dart. The poisoned dart hits Grinder.
Grinder is severely wounded.
Grinder blinks!
Grinder is attracted toward you.
You hit Grinder but do no damage.
Grinder is severely wounded.
Grinder gestures at you.
You suddenly lose the ability to move!
Grinder hits you but does no damage. Grinder hits you.
You can move again.
You closely miss Grinder.
Grinder is severely wounded.
Grinder gestures at you. Pain shoots through your body!
You die...

#.# #.##.# #.##.#
#.##.# #.##.#
##.##.#########.#
.#
###................
#. #....(.@.# #.#
#. #.#.(.5### #.#
##. ####.##†..# #.#
#.. #....###..# #.#
#.. #.#### #..#
#.####.. #.# #..#
#####....... #.#
#.<# #.....######
#.#
#..######.###.## #
#.#
.#.............# ##


You could see Grinder.

Vanquished Creatures
  Terence (D:2)
  An adder (D:2)
  A worm (D:3)
  4 endoplasms
  6 goblins
  5 hobgoblins
  4 jackals (D:1)
  2 quokkas
  4 ball pythons
  4 bats
  3 frilled lizards
  5 kobolds
  7 rats
47 creatures vanquished.

Notes
Turn   | Place    | Note
-------+----------+-------------------------------------------
     0 | D:1      | bearlyready the Demonspawn Artificer began the quest for
                  | the Orb.
     0 | D:1      | Reached XP level 1. HP: 15/15 MP: 1/1
   426 | D:1      | Gained mutation: You have a small tail. [demonic ancestry]
   426 | D:1      | Reached XP level 2. HP: 17/21 MP: 2/2
   916 | D:1      | Found a faded altar of an unknown god.
  1574 | D:2      | Gained mutation: You have a tail ending in a sharp stinger.
                  | [demonic ancestry]
  1574 | D:2      | Reached XP level 3. HP: 27/27 MP: 3/3
  1645 | D:2      | Found a blossoming altar of Fedhas.
  2090 | D:2      | Noticed Terence
  2318 | D:2      | Killed Terence
  2426 | D:2      | Reached skill level 4 in Evocations
  2426 | D:2      | Gained mutation: You are partially covered in icy blue
                  | scales. (AC +2) [demonic ancestry]
  2426 | D:2      | Reached XP level 4. HP: 3/34 MP: 4/4
  2864 | D:3      | Found an opulent altar of Gozag.
  3380 | D:3      | Noticed Grinder
  3407 | D:3      | Paralysed by Grinder for 3 turns
  3417 | D:3      | Paralysed by Grinder for 3 turns
  3420 | D:3      | Killed from afar by Grinder

Illustrated notes

Levels and vault maps discovered:
D:1:      shiori_arrival_elements, layout_basic,
          hellmonk_ecumenical_altar_prayer_group
D:2:      layout_rooms, basic_altar, roderic_lattice_a, chequers_mini_garden,
          uniq_terence
D:3:      layout_loops_ring, grunt_gozag_breadcrumbs,
          gammafunk_temple_overflow_statue, mainiacjoe_overflow_alcove_1,
          uniq_grinder

Skill      XL: |  1  2  3  4 |
---------------+-------------+-----
Fighting       | 2 3 |  3.2
Evocations     | 4 |  4.0
Armour         | |  1.7
Dodging        | |  0.8
Stealth        | |  0.8

Action                   |  1- 3 |  4- 6 || total
-------------------------+-------+-------++-------
Melee: Unarmed           |    56 |       ||    56
       Dagger            |    75 |    79 ||   154
       Tailslap          |    14 |    12 ||    26
Throw: Dart              |       |     4 ||     4
Evoke: Wand              |    15 |       ||    15
       Piece from Xom's  |    18 |     2 ||    20
  Use: Potion            |       |     2 ||     2
 Stab: Petrified         |    15 |    11 ||    26
       Sleeping          |     1 |       ||     1
       Petrifying        |       |     2 ||     2
Armor: Leather armour    |    39 |       ||    39
       Scale mail        |     6 |    21 ||    27
Dodge: Dodged            |    84 |    22 ||   106

Table legend: (Time is in decaauts)
 A = Elapsed time spent in this place.
 B = Non-inter-level travel time spent in this place.
 C = Inter-level travel time spent in this place.
 D = Time resting spent in this place.
 E = Time spent auto-exploring this place.
 F = Levels seen in this place.
 G = Mean time per level.
                   A        B        C        D        E       F      G
               +--------+--------+--------+--------+--------+-----+--------+
         Total |   3421 |   3345 |     76 |    368 |   2404 |   3 | 1140.3 |
       Dungeon |   3421 |   3345 |     76 |    368 |   2404 |   3 | 1140.3 |
               +--------+--------+--------+--------+--------+-----+--------+

Top non-repeatable levels by time:
     D:1: 1501 daAuts
     D:2: 1327 daAuts
     D:3: 592 daAuts
